[Event "Irish New Year-GM 2022"]
[Site "Dublin"]
[Date "2022.01.02"]
[Round "1.1"]
[White "O`Gorman, Tom"]
[Black "Arkell, Keith C"]
[Result "0-1"]
[ECO "C10"]
[WhiteElo "2350"]
[BlackElo "2370"]
[Annotator "ChessBase"]
[PlyCount "100"]
[EventDate "2022.01.02"]
[EventType "tourn"]
[EventCountry "IRL"]
[SourceTitle "playchess.com"]
[Source "ChessBase"]
[SourceQuality "1"]
[TimeControl "5400+30"]

1. e4 e6 2. d4 d5 3. Nd2 dxe4 4. Nxe4 Bd7 5. Nf3 Bc6 6. Neg5 Bd6 7. Bc4 h6 8. Nxe6 fxe6 9. Bxe6 Qf6 10. d5 Bd7 11. Nd4 Qe5+ 12. Be3 Nf6 13. Qd3 Qe4 14. Qb3 Bxe6 15. dxe6 Nc6 16. O-O-O Nxd4 17. Bxd4 O-O-O 18. f3 Qd5 19. Qxd5 Bf4+ 20. Kb1 Rxd5 21. c4 Rdd8 22. g3 Bd6 23. f4 Be7 24. g4 Rd6 25. Bxf6 gxf6 26. f5 h5 27. Rxd6 cxd6 28. Rg1 hxg4 29. Rxg4 Kd8 30. h4 Ke8 31. Kc2 Rh5 32. Rf4 Bf8 33. Kb3 Ke7 34. c5 dxc5 35. Kc4 Bh6 36. Rf3 b6 37. Kb5 Rxh4 38. Ra3 Kd6 39. Rxa7 Rb4+ 40. Ka6 Kc6 41. b3 Bf4 42. Ra8 Re4 43. Rf8 c4 44. e7 Rxe7 45. Rxf6+ Bd6 46. bxc4 Re3 47. Rxd6+ Kxd6 48. Kxb6 Rc3 49. Kb5 Kc7 50. Kc5 Rf3 0-1

[Event "Irish New Year-GM 2022"]
[Site "Dublin"]
[Date "2022.01.02"]
[Round "1.2"]
[White "Stefansson, Vignir Vatnar"]
[Black "Collins, Sam E."]
[Result "1-0"]
[ECO "E64"]
[WhiteElo "2457"]
[BlackElo "2456"]
[Annotator "ChessBase"]
[PlyCount "101"]
[EventDate "2022.01.02"]
[EventType "tourn"]
[EventCountry "IRL"]
[SourceTitle "playchess.com"]
[Source "ChessBase"]
[SourceQuality "1"]
[TimeControl "5400+30"]

1. d4 Nf6 2. c4 g6 3. g3 Bg7 4. Bg2 O-O 5. Nc3 d6 6. Nf3 c5 7. dxc5 dxc5 8. Qd5 Qd7 9. Qxd7 Re8 10. Qd8 Rxd8 11. Bf4 Nc6 12. Ne5 Na5 13. Rc1 Be6 14. Na4 Rac8 15. Bd2 Nxc4 16. Nxc4 Bxc4 17. Bxb7 Bd5 18. Bxc8 Bxh1 19. Ba6 Bd5 20. b3 Ne4 21. Ba5 Rd6 22. Bd3 Bd4 23. e3 Bf6 24. Ke2 Ng5 25. Nxc5 Bf3+ 26. Kf1 Bb2 27. Rc4 Bd5 28. Rc2 Ba3 29. b4 Nf3 30. Ke2 Ne5 31. e4 Nxd3 32. Nxd3 Bxe4 33. Rc3 Bxd3+ 34. Rxd3 Re6+ 35. Re3 Rxe3+ 36. Kxe3 Kf8 37. Kd4 Ke8 38. Kc4 Kd7 39. b5 Bd6 40. Bb4 Bb8 41. Bc5 f5 42. a4 e6 43. a5 Kc7 44. a6 Kc8 45. f4 Kc7 46. Bd4 Kc8 47. Kc5 Kc7 48. h4 Kd7 49. b6 h5 50. Kb5 axb6 51. Kxb6 1-0

[Event "Irish New Year-GM 2022"]
[Site "Dublin"]
[Date "2022.01.02"]
[Round "1.3"]
[White "Kanyamarala, Tarun"]
[Black "Fitzsimons, David"]
[Result "1/2-1/2"]
[ECO "D23"]
[WhiteElo "2377"]
[BlackElo "2337"]
[Annotator "ChessBase"]
[PlyCount "56"]
[EventDate "2022.01.02"]
[EventType "tourn"]
[EventCountry "IRL"]
[SourceTitle "playchess.com"]
[Source "ChessBase"]
[SourceQuality "1"]
[TimeControl "5400+30"]

1. d4 d5 2. c4 c6 3. Nf3 Nf6 4. Qb3 dxc4 5. Qxc4 Bg4 6. Nbd2 Nbd7 7. g3 e6 8. Bg2 Be7 9. O-O O-O 10. Qb3 Qb6 11. Nc4 Qa6 12. Bd2 Ne4 13. Rfd1 Nxd2 14. Rxd2 Rfd8 15. Nfe5 Nxe5 16. Nxe5 Bh5 17. e3 Qb6 18. Qc2 Qc7 19. Be4 Bg6 20. Nxg6 hxg6 21. h4 Rd7 22. Kg2 Rad8 23. Rdd1 e5 24. Qb3 Kf8 25. dxe5 Rxd1 26. Rxd1 Rxd1 27. Qxd1 Qxe5 28. Qc2 Qc5 1/2-1/2

[Event "Irish New Year-GM 2022"]
[Site "Dublin"]
[Date "2022.01.02"]
[Round "1.4"]
[White "Motwani, Paul"]
[Black "Cafolla, Peter"]
[Result "1-0"]
[ECO "D00"]
[WhiteElo "2432"]
[BlackElo "1976"]
[Annotator "ChessBase"]
[PlyCount "47"]
[EventDate "2022.01.02"]
[EventType "tourn"]
[EventCountry "IRL"]
[SourceTitle "playchess.com"]
[Source "ChessBase"]
[SourceQuality "1"]
[TimeControl "5400+30"]

1. d4 d5 2. Bf4 c5 3. e3 Qb6 4. Nc3 cxd4 5. Bb5+ Kd8 6. exd4 e6 7. Nf3 Nd7 8. a4 Bb4 9. O-O Ngf6 10. Qd3 a6 11. a5 Bxa5 12. b4 Bxb4 13. Rfb1 axb5 14. Rxa8 Bxc3 15. Qxc3 Qc6 16. Qa5+ Ke7 17. Qa3+ Kd8 18. Ng5 Ke8 19. Rxb5 Nh5 20. Rba5 Nb6 21. Rc5 Qd7 22. Rcxc8+ Nxc8 23. Qc5 Kd8 24. Nxf7+ 1-0

[Event "Irish New Year-GM 2022"]
[Site "Dublin"]
[Date "2022.01.02"]
[Round "1.5"]
[White "Murphy, Conor E"]
[Black "Gonzalez Garcia, Jose"]
[Result "1/2-1/2"]
[ECO "C08"]
[WhiteElo "2431"]
[BlackElo "2483"]
[Annotator "ChessBase"]
[PlyCount "93"]
[EventDate "2022.01.02"]
[EventType "tourn"]
[EventCountry "IRL"]
[SourceTitle "playchess.com"]
[Source "ChessBase"]
[SourceQuality "1"]
[TimeControl "5400+30"]

1. e4 e6 2. d4 d5 3. Nd2 c5 4. Ngf3 Nf6 5. exd5 exd5 6. Bb5+ Bd7 7. Bxd7+ Nbxd7 8. O-O Be7 9. dxc5 Nxc5 10. Re1 O-O 11. Nf1 Re8 12. Be3 a6 13. c3 Qc7 14. Bd4 Nce4 15. Ne3 Rad8 16. Qc2 g6 17. Re2 Bc5 18. Bxc5 Qxc5 19. Nd4 Re7 20. f3 Nd6 21. Ng4 Nde8 22. Nf2 Nc7 23. Nd3 Qd6 24. Rxe7 Qxe7 25. Re1 Qd6 26. Qb3 b6 27. Qb4 a5 28. Qxd6 Rxd6 29. Nf4 Kf8 30. g4 Nd7 31. Kf2 Nc5 32. Rd1 N7e6 33. Nb5 Rd7 34. Ne2 Ke7 35. h4 f6 36. Kg3 Kf7 37. Rd2 Rd8 38. Ned4 Rd7 39. Nc2 f5 40. gxf5 gxf5 41. Ncd4 Kf6 42. Nxe6 Nxe6 43. Kf2 Ke5 44. Re2+ Kf6 45. Rd2 Ke5 46. Re2+ Kf6 47. Rd2 1/2-1/2

[Event "Irish New Year-GM 2022"]
[Site "Dublin"]
[Date "2022.01.03"]
[Round "2.2"]
[White "Cafolla, Peter"]
[Black "Murphy, Conor E"]
[Result "1-0"]
[ECO "D31"]
[WhiteElo "1976"]
[BlackElo "2431"]
[Annotator "ChessBase"]
[PlyCount "165"]
[EventDate "2022.01.02"]
[EventType "tourn"]
[EventCountry "IRL"]
[SourceTitle "playchess.com"]
[Source "ChessBase"]
[SourceQuality "1"]
[TimeControl "5400+30"]

1. d4 d5 2. c4 e6 3. Nc3 a6 4. cxd5 exd5 5. Qc2 Be6 6. Bf4 Bd6 7. Bxd6 Qxd6 8. Nf3 Nf6 9. e3 O-O 10. Bd3 h6 11. h3 Nbd7 12. O-O c6 13. Rfc1 Ne8 14. Na4 Qe7 15. Nc5 Nd6 16. a4 Rfd8 17. Qe2 Qf6 18. b4 Bf5 19. Nxd7 Rxd7 20. Ne5 Bxd3 21. Qxd3 Rdd8 22. Qe2 Re8 23. a5 Rad8 24. Qg4 g6 25. Nd7 Qe7 26. Nc5 Kg7 27. Rab1 h5 28. Qf3 Rc8 29. Rc2 Rh8 30. Re2 Rce8 31. Rbe1 f5 32. g3 g5 33. Qg2 Rh6 34. f3 Nb5 35. Qf2 Rf6 36. Kf1 Rf7 37. Kg2 Qf6 38. Rd2 Nd6 39. Rde2 Rfe7 40. Nd3 Nc4 41. f4 Nd6 42. fxg5 Qxg5 43. Qf4 Qxf4 44. gxf4 Kf6 45. Kf3 Rg8 46. Rg2 Rxg2 47. Kxg2 Rg7+ 48. Kh2 Nc4 49. Re2 h4 50. Ne5 Rg3 51. Nd7+ Ke7 52. Nc5 Rxe3 53. Rg2 Nd6 54. Rg7+ Ke8 55. Rh7 Ne4 56. Rxh4 Re2+ 57. Kg1 Nxc5 58. bxc5 Re4 59. Rh7 Rxf4 60. Rxb7 Rxd4 61. Rc7 Ra4 62. Rxc6 Rxa5 63. h4 Ra4 64. h5 Rh4 65. h6 d4 66. Rxa6 d3 67. Kf2 Kf7 68. Rd6 Kg8 69. Ke3 Rc4 70. c6 Rc1 71. Kd2 Rc5 72. Kxd3 Rc1 73. Rf6 Kh7 74. Kd4 f4 75. Kd5 Rd1+ 76. Ke6 Rc1 77. Kd7 Rd1+ 78. Kc8 Rc1 79. c7 Rc4 80. Kb7 Rb4+ 81. Kc6 Rc4+ 82. Kd7 Rd4+ 83. Rd6 1-0

[Event "Irish New Year-GM 2022"]
[Site "Dublin"]
[Date "2022.01.03"]
[Round "2.3"]
[White "Fitzsimons, David"]
[Black "Motwani, Paul"]
[Result "1/2-1/2"]
[ECO "C15"]
[WhiteElo "2337"]
[BlackElo "2432"]
[Annotator "ChessBase"]
[PlyCount "94"]
[EventDate "2022.01.02"]
[EventType "tourn"]
[EventCountry "IRL"]
[SourceTitle "playchess.com"]
[Source "ChessBase"]
[SourceQuality "1"]
[TimeControl "5400+30"]

1. e4 e6 2. d4 d5 3. Nc3 Bb4 4. Nge2 Nc6 5. a3 Ba5 6. b4 Bb6 7. Bb2 Nh6 8. Qd2 O-O 9. Na4 Qh4 10. Nxb6 axb6 11. exd5 exd5 12. Qf4 Qxf4 13. Nxf4 Rd8 14. h3 Bf5 15. O-O-O g5 16. Ne2 Bg6 17. g4 f5 18. f3 Nf7 19. Nc3 f4 20. h4 h6 21. Nb5 Ne7 22. Re1 Rd7 23. c4 Nd6 24. cxd5 Nxd5 25. hxg5 hxg5 26. Re5 Nf7 27. Re6 Kg7 28. Nc3 c6 29. Bc4 Nd6 30. Nxd5 cxd5 31. Bxd5 Rc8+ 32. Kd1 Nb5 33. Rxg6+ Kxg6 34. Be4+ Kf6 35. d5+ Ke7 36. Rh7+ Kd6 37. Rxd7+ Kxd7 38. Bf5+ Kd8 39. Bf6+ Kc7 40. a4 Rf8 41. Be5+ Nd6 42. Kd2 Ra8 43. Bc2 Re8 44. Bd4 Nc4+ 45. Kc3 Ne5 46. Be4 Nxg4 47. Bg6 Re3+ 1/2-1/2

[Event "Irish New Year-GM 2022"]
[Site "Dublin"]
[Date "2022.01.03"]
[Round "2.4"]
[White "Collins, Sam E."]
[Black "Kanyamarala, Tarun"]
[Result "1-0"]
[ECO "B22"]
[WhiteElo "2456"]
[BlackElo "2377"]
[Annotator "ChessBase"]
[PlyCount "97"]
[EventDate "2022.01.02"]
[EventType "tourn"]
[EventCountry "IRL"]
[SourceTitle "playchess.com"]
[Source "ChessBase"]
[SourceQuality "1"]
[TimeControl "5400+30"]

1. e4 c5 2. Nf3 Nc6 3. c3 Nf6 4. e5 Nd5 5. Bc4 Nb6 6. Bb3 c4 7. Bc2 d6 8. exd6 Qxd6 9. O-O Bg4 10. h3 Bh5 11. Re1 e6 12. b3 Be7 13. Na3 cxb3 14. axb3 O-O 15. d4 Nd5 16. Bd2 a6 17. Nc4 Qc7 18. Ne3 Nf4 19. Ng4 Bg6 20. Bxg6 Nxg6 21. Qe2 Rfd8 22. Rad1 b5 23. Bc1 Na5 24. Qa2 Nc6 25. Qe2 Na5 26. Qa2 Nc6 27. Ne3 Nf4 28. Nf1 Nd5 29. Bd2 a5 30. Ne3 Nb6 31. Qc2 a4 32. Rb1 Rac8 33. Qe4 Na5 34. bxa4 Nxa4 35. Rxb5 Nxc3 36. Bxc3 Qxc3 37. d5 e5 38. Qxe5 Bf6 39. Qxc3 Bxc3 40. Rc1 g6 41. Rxc3 Rxc3 42. Rxa5 f5 43. g3 Rb8 44. Ra2 f4 45. gxf4 Rb4 46. Ng5 Rxf4 47. Ra8+ Rf8 48. Rc8 Rd8 49. Rxd8+ 1-0

[Event "Irish New Year-GM 2022"]
[Site "Dublin"]
[Date "2022.01.03"]
[Round "3.1"]
[White "Stefansson, Vignir Vatnar"]
[Black "Arkell, Keith C"]
[Result "1-0"]
[ECO "A35"]
[WhiteElo "2457"]
[BlackElo "2370"]
[Annotator "ChessBase"]
[PlyCount "83"]
[EventDate "2022.01.02"]
[EventType "tourn"]
[EventCountry "IRL"]
[SourceTitle "playchess.com"]
[Source "ChessBase"]
[SourceQuality "1"]
[TimeControl "5400+30"]

1. c4 c5 2. Nc3 Nc6 3. Nf3 g6 4. e3 Nf6 5. d4 cxd4 6. exd4 d5 7. cxd5 Nxd5 8. Qb3 Nxc3 9. Bc4 Nd5 10. Bxd5 e6 11. Bxc6+ bxc6 12. O-O Qb6 13. Qc3 Bg7 14. Bf4 O-O 15. Be5 f6 16. Bd6 Rd8 17. Bc5 Qc7 18. Rfe1 Rd5 19. Rac1 Bd7 20. Nd2 Rd8 21. Ne4 Bc8 22. Qa3 R5d7 23. Bb4 Qf4 24. g3 Qf5 25. Be7 Bf8 26. Bxf8 Rxf8 27. Rc5 Qh3 28. Qe3 Kg7 29. f3 Rff7 30. Nf2 Qh6 31. Qc3 Rd5 32. Rxc6 Bd7 33. Rc7 a5 34. Re4 Kg8 35. Ra7 a4 36. Nd3 e5 37. dxe5 Bb5 38. Ra8+ Rf8 39. Rxf8+ Qxf8 40. Nf2 fxe5 41. Rxe5 Qd6 42. Qc8+ 1-0

[Event "Irish New Year-GM 2022"]
[Site "Dublin"]
[Date "2022.01.03"]
[Round "3.2"]
[White "Kanyamarala, Tarun"]
[Black "O`Gorman, Tom"]
[Result "1/2-1/2"]
[ECO "D85"]
[WhiteElo "2377"]
[BlackElo "2350"]
[Annotator "ChessBase"]
[PlyCount "51"]
[EventDate "2022.01.02"]
[EventType "tourn"]
[EventCountry "IRL"]
[SourceTitle "playchess.com"]
[Source "ChessBase"]
[SourceQuality "1"]
[TimeControl "5400+30"]

1. d4 Nf6 2. c4 g6 3. Nc3 d5 4. cxd5 Nxd5 5. e4 Nxc3 6. bxc3 Bg7 7. Nf3 c5 8. h3 O-O 9. Be2 cxd4 10. cxd4 Nc6 11. Be3 f5 12. Bc4+ Kh8 13. O-O f4 14. Bc1 Nxd4 15. Ba3 b5 16. Bd5 Nxf3+ 17. Qxf3 Rb8 18. Rab1 a5 19. Bc5 b4 20. a3 Bb7 21. axb4 Bxd5 22. exd5 axb4 23. Rfe1 Rf5 24. Bxe7 Qxd5 25. Qxd5 Rxd5 26. Rxb4 1/2-1/2

[Event "Irish New Year-GM 2022"]
[Site "Dublin"]
[Date "2022.01.03"]
[Round "3.3"]
[White "Motwani, Paul"]
[Black "Collins, Sam E."]
[Result "0-1"]
[ECO "E92"]
[WhiteElo "2432"]
[BlackElo "2456"]
[Annotator "ChessBase"]
[PlyCount "134"]
[EventDate "2022.01.02"]
[EventType "tourn"]
[EventCountry "IRL"]
[SourceTitle "playchess.com"]
[Source "ChessBase"]
[SourceQuality "1"]
[TimeControl "5400+30"]

1. d4 Nf6 2. c4 g6 3. Nc3 Bg7 4. e4 d6 5. Nf3 O-O 6. Be2 e5 7. d5 a5 8. Bg5 h6 9. Be3 Ng4 10. Bd2 f5 11. exf5 Bxf5 12. Be3 Na6 13. Qd2 Nxe3 14. fxe3 Nc5 15. O-O h5 16. Rae1 Bh6 17. Rf2 Qe7 18. g3 Rf7 19. Nh4 Qg5 20. Nxf5 Rxf5 21. Rxf5 gxf5 22. Bf1 h4 23. Qg2 Kh8 24. Qh3 Rg8 25. Kf2 f4 26. exf4 hxg3+ 27. hxg3 exf4 28. g4 Rg6 29. Kf3 Kg7 30. Ne4 Qe7 31. g5 Bxg5 32. Re2 Qf7 33. Nxc5 dxc5 34. Re6 Bf6 35. Ke4 Rg3 36. Qf5 Re3+ 37. Kxf4 Bg5+ 38. Kxg5 Rg3+ 39. Kf4 Rf3+ 40. Kxf3 Qxf5+ 41. Kg2 Qg5+ 42. Kf2 Qf4+ 43. Kg2 Qg4+ 44. Kh2 c6 45. Re7+ Kf6 46. Rxb7 cxd5 47. cxd5 Qf4+ 48. Kg1 Qd4+ 49. Kh2 Qxd5 50. Rb6+ Kg5 51. a3 Qe5+ 52. Kg2 c4 53. a4 Qe4+ 54. Kh2 Qc2+ 55. Kg3 Qxa4 56. Rb8 Qc6 57. Rg8+ Kf5 58. Rc8 Qd6+ 59. Kh3 Qh6+ 60. Kg2 Qd2+ 61. Kf3 Qd5+ 62. Kg3 Qe5+ 63. Kf3 Qxb2 64. Rc5+ Kf6 65. Rxc4 a4 66. Ke4 a3 67. Rc6+ Ke7 0-1

[Event "Irish New Year-GM 2022"]
[Site "Dublin"]
[Date "2022.01.04"]
[Round "4.1"]
[White "Arkell, Keith C"]
[Black "Cafolla, Peter"]
[Result "1-0"]
[ECO "A13"]
[WhiteElo "2370"]
[BlackElo "1976"]
[Annotator "ChessBase"]
[PlyCount "87"]
[EventDate "2022.01.02"]
[EventType "tourn"]
[EventCountry "IRL"]
[SourceTitle "playchess.com"]
[Source "ChessBase"]
[SourceQuality "1"]
[TimeControl "5400+30"]

1. c4 e6 2. Nf3 d5 3. b3 c5 4. e3 Nf6 5. Bb2 Nc6 6. cxd5 exd5 7. Bb5 Bg4 8. h3 Bh5 9. g4 Bg6 10. Ne5 Qb6 11. Bxc6+ bxc6 12. Nxg6 hxg6 13. Bxf6 gxf6 14. Qf3 Qd8 15. Nc3 Qd6 16. Rc1 Rb8 17. h4 f5 18. gxf5 Rh5 19. fxg6 fxg6 20. Qg3 Rb4 21. Ne2 g5 22. Qxd6 Bxd6 23. Ng3 Rbxh4 24. Rxh4 Rxh4 25. Ke2 Rb4 26. Nf5 Kd7 27. Rh1 Bb8 28. Rh6 a5 29. Kd1 c4 30. Rh7+ Ke8 31. bxc4 a4 32. Nd4 Bd6 33. cxd5 cxd5 34. Kc2 a3 35. Nb3 Rh4 36. Rb7 Rh2 37. f3 Be5 38. Rb5 Ke7 39. Rxd5 Ke6 40. Ra5 Bf6 41. Nc5+ Kf7 42. Ne4 Be7 43. Nxg5+ Kg6 44. Ne4 1-0

[Event "Irish New Year-GM 2022"]
[Site "Dublin"]
[Date "2022.01.04"]
[Round "4.3"]
[White "Collins, Sam E."]
[Black "Murphy, Conor E"]
[Result "1/2-1/2"]
[ECO "C65"]
[WhiteElo "2456"]
[BlackElo "2431"]
[Annotator "ChessBase"]
[PlyCount "82"]
[EventDate "2022.01.02"]
[EventType "tourn"]
[EventCountry "IRL"]
[SourceTitle "playchess.com"]
[Source "ChessBase"]
[SourceQuality "1"]
[TimeControl "5400+30"]

1. e4 e5 2. Nf3 Nc6 3. Bb5 Nf6 4. d3 Bc5 5. Bxc6 dxc6 6. O-O Qe7 7. Nbd2 Bg4 8. h3 Bh5 9. a3 Nd7 10. b4 Bd4 11. Rb1 f6 12. Qe1 Bb6 13. Qe2 Nf8 14. Nc4 Ne6 15. Be3 O-O 16. a4 Kh8 17. a5 Nd4 18. Bxd4 Bxd4 19. Ne3 Bxe3 20. Qxe3 b6 21. Nh4 Qe6 22. Nf5 Bg6 23. Ng3 Qa2 24. Qd2 Rfd8 25. Qc3 Qe6 26. f4 exf4 27. Ne2 Qd6 28. Nxf4 Bf7 29. Kh1 Re8 30. Ne2 Rad8 31. Rf3 Re5 32. Ng3 Bg6 33. axb6 axb6 34. Nf5 Bxf5 35. Rxf5 Rxf5 36. exf5 Qd5 37. Re1 h6 38. Re7 Qxf5 39. Qxc6 Qf1+ 40. Kh2 Qf4+ 41. Kh1 Qf1+ 1/2-1/2

[Event "Irish New Year-GM 2022"]
[Site "Dublin"]
[Date "2022.01.04"]
[Round "4.4"]
[White "O`Gorman, Tom"]
[Black "Motwani, Paul"]
[Result "1/2-1/2"]
[ECO "C60"]
[WhiteElo "2350"]
[BlackElo "2432"]
[Annotator "ChessBase"]
[PlyCount "56"]
[EventDate "2022.01.02"]
[EventType "tourn"]
[EventCountry "IRL"]
[SourceTitle "playchess.com"]
[Source "ChessBase"]
[SourceQuality "1"]
[TimeControl "5400+30"]

1. e4 e5 2. Nf3 Nc6 3. Bb5 a6 4. Ba4 g6 5. O-O Bg7 6. c3 Nge7 7. d4 b5 8. Bb3 exd4 9. cxd4 Na5 10. Bc2 d6 11. d5 O-O 12. Bd2 Nc4 13. Bc3 Nxb2 14. Qc1 Nc4 15. Bxg7 Kxg7 16. a4 Bg4 17. Nfd2 Nxd2 18. Nxd2 c6 19. Bd3 cxd5 20. axb5 axb5 21. Bxb5 Qb6 22. Qc3+ d4 23. Qd3 Rxa1 24. Rxa1 Rc8 25. Nb3 d5 26. Nxd4 Qf6 27. Re1 dxe4 28. Qxe4 Bf5 1/2-1/2

[Event "Irish New Year-GM 2022"]
[Site "Dublin"]
[Date "2022.01.04"]
[Round "4.5"]
[White "Stefansson, Vignir Vatnar"]
[Black "Kanyamarala, Tarun"]
[Result "1-0"]
[ECO "E04"]
[WhiteElo "2457"]
[BlackElo "2377"]
[Annotator "ChessBase"]
[PlyCount "107"]
[EventDate "2022.01.02"]
[EventType "tourn"]
[EventCountry "IRL"]
[SourceTitle "playchess.com"]
[Source "ChessBase"]
[SourceQuality "1"]
[TimeControl "5400+30"]

1. d4 Nf6 2. c4 e6 3. g3 d5 4. Bg2 dxc4 5. Nf3 Nc6 6. Qa4 Bb4+ 7. Bd2 Nd5 8. Qb5 Bxd2+ 9. Nbxd2 c3 10. bxc3 Nxc3 11. Qd3 Nd5 12. O-O O-O 13. Rfc1 h6 14. Rab1 Qe7 15. a3 Rd8 16. Nc4 b6 17. Nce5 Na5 18. Qc2 Bb7 19. Qa4 Rac8 20. Nd3 Qe8 21. Qxe8+ Rxe8 22. Nfe5 f6 23. Nf3 Ba6 24. Nfe1 Ne7 25. e3 Bb7 26. Rb2 Bxg2 27. Kxg2 Red8 28. h4 g5 29. h5 Kf7 30. g4 Nb7 31. Rbc2 c6 32. Kf1 Rd7 33. Ke2 Rdc7 34. Nf3 c5 35. dxc5 bxc5 36. Nd2 Nd5 37. Nc4 Ke7 38. e4 Nb6 39. e5 fxe5 40. Ndxe5 Nxc4 41. Rxc4 Nd6 42. Ra4 Nb5 43. Ke3 Kf6 44. Nc4 Rd7 45. Ra5 Nc7 46. Nd2 Nd5+ 47. Kf3 Rf7 48. Rcxc5 Rxc5 49. Rxc5 Ke5+ 50. Ke2 Rf4 51. Ra5 Rf7 52. Nc4+ Kf6 53. Nd6 Rc7 54. Ne8+ 1-0

[Event "Irish New Year-GM 2022"]
[Site "Dublin"]
[Date "2022.01.05"]
[Round "7.4"]
[White "Cafolla, Peter"]
[Black "O`Gorman, Tom"]
[Result "0-1"]
[ECO "A45"]
[WhiteElo "1976"]
[BlackElo "2350"]
[Annotator "ChessBase"]
[PlyCount "74"]
[EventDate "2022.01.02"]
[EventType "tourn"]
[EventCountry "IRL"]
[SourceTitle "playchess.com"]
[Source "ChessBase"]
[SourceQuality "1"]
[TimeControl "5400+30"]

1. d4 Nf6 2. Bg5 Ne4 3. Bf4 Nc6 4. f3 Nf6 5. e4 d5 6. e5 Nd7 7. c3 e6 8. Bd3 f6 9. exf6 Nxf6 10. Nd2 Bd6 11. Bxd6 Qxd6 12. Ne2 e5 13. O-O O-O 14. Bc2 Bd7 15. Nb3 Rae8 16. Qd2 exd4 17. cxd4 b6 18. Rae1 a5 19. Nc3 Ne7 20. Nc1 c5 21. dxc5 bxc5 22. Ne4 Nxe4 23. fxe4 d4 24. Rxf8+ Rxf8 25. e5 Qb6 26. Bb3+ Be6 27. Bxe6+ Qxe6 28. Qxa5 Qf5 29. Qd2 Nd5 30. h3 Ne3 31. Nd3 c4 32. Nc5 Nc2 33. Rc1 d3 34. Qc3 Qf2+ 35. Kh1 Qxc5 36. b3 Qe3 37. Rxc2 dxc2 0-1

[Event "Irish New Year-GM 2022"]
[Site "Dublin"]
[Date "2022.01.06"]
[Round "8.5"]
[White "Motwani, Paul"]
[Black "Murphy, Conor E"]
[Result "0-1"]
[ECO "C26"]
[WhiteElo "2432"]
[BlackElo "2431"]
[Annotator "ChessBase"]
[PlyCount "72"]
[EventDate "2022.01.02"]
[EventType "tourn"]
[EventCountry "IRL"]
[SourceTitle "playchess.com"]
[Source "ChessBase"]
[SourceQuality "1"]
[TimeControl "5400+30"]

1. e4 e5 2. Nc3 Nf6 3. g3 Bc5 4. Bg2 c6 5. Nge2 d5 6. exd5 cxd5 7. d4 exd4 8. Nxd4 O-O 9. O-O Bg4 10. Nf3 h6 11. h3 Bf5 12. g4 Be6 13. Nd4 Bxd4 14. Qxd4 Nc6 15. Qd1 d4 16. Ne2 Bd5 17. f3 Bc4 18. Rf2 Re8 19. b3 Bxe2 20. Rxe2 Qb6 21. Rf2 Nd5 22. Qd2 Re3 23. f4 Nc3 24. Bb2 Rae8 25. Raf1 Nb4 26. a3 Re2 27. axb4 Rxd2 28. Rxd2 Re2 29. Rxe2 Nxe2+ 30. Kh2 Nxf4 31. Rxf4 Qc7 32. Bc1 g5 33. Be4 gxf4 34. Kg2 Qe7 35. Bd3 Qxb4 36. Bxf4 b5 0-1

[Event "Irish New Year-GM 2022"]
[Site "Dublin"]
[Date "2022.01.06"]
[Round "9.1"]
[White "Murphy, Conor E"]
[Black "Arkell, Keith C"]
[Result "1-0"]
[ECO "B06"]
[WhiteElo "2431"]
[BlackElo "2370"]
[Annotator "NA"]
[PlyCount "83"]
[EventDate "2022.01.02"]
[EventType "tourn"]
[EventCountry "IRL"]
[SourceTitle "playchess.com"]
[Source "ChessBase"]
[SourceQuality "1"]
[TimeControl "5400+30"]

1. e4 g6 2. d4 Bg7 3. Nf3 c6 4. h3 d6 5. Bc4 d5 6. Bb3 dxe4 7. Ng5 $1 e6 8. c3 Nf6 9. Qe2 h6 (9... b6 $11) 10. Nxe4 Nxe4 11. Qxe4 Nd7 12. O-O Nf6 13. Qf3 O-O 14. Re1 a5 15. a4 Qb6 16. Nd2 Nd5 17. Ba2 Bd7 18. Nc4 Qc7 19. Ne5 Rad8 20. Ng4 $14 h5 21. Ne5 c5 22. Bxd5 exd5 23. Bf4 Qb6 24. Qxd5 Bxh3 25. Qxc5 Qxc5 26. dxc5 Be6 27. Nf3 Bd5 28. Bc7 Rc8 29. Bb6 Bf6 30. Ne5 Rfe8 31. Nd7 Bg7 32. Rxe8+ Rxe8 33. Bxa5 Re2 34. Nb6 Be6 35. c6 bxc6 36. Bb4 Be5 37. a5 Bb8 38. a6 Ba7 39. Bc5 Re5 40. b4 Rg5 41. Na4 Bb8 42. Be3 1-0

[Event "Irish New Year-GM 2022"]
[Site "Dublin"]
[Date "2022.01.06"]
[Round "9.3"]
[White "Cafolla, Peter"]
[Black "Kanyamarala, Tarun"]
[Result "0-1"]
[ECO "B70"]
[WhiteElo "1976"]
[BlackElo "2377"]
[Annotator "ChessBase"]
[PlyCount "168"]
[EventDate "2022.01.02"]
[EventType "tourn"]
[EventCountry "IRL"]
[SourceTitle "playchess.com"]
[Source "ChessBase"]
[SourceQuality "1"]
[TimeControl "5400+30"]

1. e4 c5 2. Nf3 Nc6 3. d4 cxd4 4. Nxd4 Nf6 5. Nc3 d6 6. g3 g6 7. Bg2 Nxd4 8. Qxd4 Bg7 9. Nd5 O-O 10. c3 Be6 11. Qd1 Nd7 12. O-O Nb6 13. Re1 Rc8 14. Rb1 Nc4 15. Ne3 Qa5 16. a3 a6 17. Nxc4 Rxc4 18. Bf1 Rcc8 19. Be3 Rfd8 20. Bd4 Be5 21. Qd2 Bb3 22. Qe3 Rc6 23. Qg5 Qc7 24. Rbc1 Rc8 25. Qe3 Bxd4 26. Qxd4 e5 27. Qe3 Qa5 28. h4 Qb6 29. Qxb6 Rxb6 30. Re2 Kf8 31. Rd2 Ke7 32. Bd3 Rc5 33. Kf1 a5 34. Re1 Be6 35. Be2 Bh3+ 36. Kg1 Bd7 37. Kf1 Bc6 38. Bd3 Rb3 39. Ree2 Bd7 40. f3 Rc8 41. Ke1 Rb6 42. Kf2 h5 43. Ke1 Rc5 44. Re3 Rbc6 45. Kf2 Rc8 46. Ree2 Rf8 47. Ke1 f5 48. Rg2 Rf6 49. Rde2 Kf7 50. Kd2 f4 51. Ref2 Rc8 52. Be2 Rh8 53. Bc4+ Kg7 54. Rg1 Rhf8 55. Be2 fxg3 56. Rxg3 Rf4 57. Rfg2 R8f6 58. Rh2 Rf8 59. Rhg2 Be8 60. Rh2 Bf7 61. Rg1 d5 62. Ke3 Kf6 63. Bd3 Rg8 64. exd5 Bxd5 65. Be4 Bxe4 66. fxe4 Rd8 67. Rhg2 Rg8 68. Rh1 g5 69. hxg5+ Rxg5 70. Rxg5 Kxg5 71. b4 a4 72. Rg1+ Rg4 73. Rf1 Rg3+ 74. Kd2 h4 75. Rf7 b5 76. Rf5+ Kg4 77. Rf8 h3 78. Rh8 Kf3 79. c4 bxc4 80. b5 Kg2 81. b6 Rb3 82. Rg8+ Kf3 83. Rg6 h2 84. Rh6 Rxb6 0-1

[Event "Irish New Year-GM 2022"]
[Site "Dublin"]
[Date "2022.01.06"]
[Round "9.4"]
[White "Fitzsimons, David"]
[Black "Stefansson, Vignir Vatnar"]
[Result "1/2-1/2"]
[ECO "C01"]
[WhiteElo "2337"]
[BlackElo "2457"]
[Annotator "RC"]
[PlyCount "77"]
[EventDate "2022.01.02"]
[EventType "tourn"]
[EventCountry "IRL"]
[SourceTitle "playchess.com"]
[Source "ChessBase"]
[SourceQuality "1"]
[TimeControl "5400+30"]

1. e4 e6 2. d4 d5 3. Nc3 Bb4 4. exd5 exd5 5. Bd3 Nc6 6. Nf3 Bg4 7. O-O Nge7 8. h3 Bh5 9. a3 Bxc3 10. bxc3 Qd7 11. Re1 O-O-O 12. a4 Rhe8 13. Ba3 f6 14. Bb5 Ng8 15. Qd3 Bg6 16. Qd2 a6 17. Bf1 Na5 18. Reb1 Ne7 19. Bxe7 Rxe7 20. Nh4 Be4 21. f3 Bg6 22. Nxg6 hxg6 23. Qd3 Qe8 24. Qd2 Rd6 25. h4 Rde6 26. c4 Nxc4 27. Bxc4 dxc4 28. d5 Re5 29. Qd4 Re1+ 30. Kh2 Rxb1 31. Rxb1 Re2 32. Qxc4 Qe5+ 33. Kh1 Re1+ 34. Rxe1 Qxe1+ 35. Kh2 Qe5+ 36. f4 Qe1 37. d6 Qxh4+ 38. Kg1 Qe1+ 39. Kh2 1/2-1/2